 Dungeon Crawl Stone Soup version 0.30-a0-989-g0d87f670db (webtiles) character file.

Game seed: 2117830853175803311

11769 mopl the Dancer (level 11, -4/136 HPs)
             Began as a Hill Orc Fighter on Apr 3, 2023.
             Was a Priest of Uskayaw.
             Slain by a wolf spider (16 damage)
             ... on level 10 of the Dungeon.
             The game lasted 00:13:51 (8421 turns).

mopl the Dancer (Hill Orc Fighter)                  Turns: 8421, Time: 00:13:51

Health: -4/136     AC: 25    Str: 20    XL:     11   Next: 82%
Magic:  16/22      EV:  2    Int: 11    God:    Uskayaw [***...]
Gold:   678        SH: 18    Dex: 14    Spells: 10/10 levels left

rFire   + . .      SeeInvis .    a - +3 broad axe
rCold   . . .      Faith    .    U - +4 kite shield of Divine Intervention {rF+ Int+3}
rNeg    . . .      Spirit   .    P - melded +0 swamp dragon scales
rPois   +          Reflect  +    k - melded +0 helmet of Zexti {-Tele Will+ rCorr Dex+8}
rElec   .          Rampage  .    q - melded +0 cloak
rCorr   .          NoTele   +    E - melded +0 pair of gloves
Will    .....                    g - melded +0 pair of boots
Stlth   +                        Y - amulet of reflection
HPRegen 0.42/turn                L - ring of flight
MPRegen 0.18/turn                (no ring)

@: tree-form
A: stationary, stasis, torment immunity, boosted hp
a: Renounce Religion, Stomp, Line Pass


You were on level 10 of the Dungeon.
You worshipped Uskayaw.
Uskayaw was pleased with you.
You were a tree.
You visited 1 branch of the dungeon, and saw 10 of its levels.

You collected 678 gold pieces.

Inventory:

Hand Weapons
 a - a +3 broad axe (weapon)
 t - a +3 quarterstaff of chaos
 v - a +0 war axe
 K - a +2 war axe of electrocution
 Q - a +1 war axe of flaming
Missiles
 f - 28 poisoned darts (quivered)
 C - 2 throwing nets
 J - 11 boomerangs
 T - 11 curare-tipped darts
Armour
 g - a +0 pair of boots (melded)
 k - the +0 helmet of Zexti (melded) {-Tele Will+ rCorr Dex+8}
   (You found it on level 2 of the Dungeon)

   Dex:       It affects your dexterity (+8).
   -Tele:     It prevents most forms of teleportation.
   rCorr:     It protects you from acid and corrosion.
   Will:      It increases your willpower.
 q - a +0 cloak (melded)
 r - a +2 ring mail of fire resistance
 E - a +0 pair of gloves (melded)
 N - the +5 robe of Night {Dark Will+ SInv}
   (You found it on level 8 of the Dungeon)

   Dark:      It shrouds the wearer in darkness, reducing the range at which
   they can see and be seen by others.
   SInv:      It lets you see invisible.
   Will:      It increases your willpower.
 P - +0 swamp dragon scales (melded)
 U - the +4 kite shield of Divine Intervention (worn) {rF+ Int+3}
   (You took it off a kobold on level 9 of the Dungeon)

   Int:       It affects your intelligence (+3).
   rF:        It protects you from fire.
Jewellery
 G - an amulet of guardian spirit
 H - a ring of ice
 L - a ring of flight (left branch)
 Y - an amulet of reflection (around neck)
Wands
 B - a wand of flame (19)
 D - a wand of light (7)
 S - a wand of polymorph (3)
 W - a wand of charming (7)
Scrolls
 c - a scroll of fog {unknown}
 n - a scroll of noise {unknown}
 o - 3 scrolls of immolation {unknown}
 s - 2 scrolls of blinking {unknown}
 w - 9 scrolls of identify {unknown}
 y - 6 scrolls of teleportation
 z - 2 scrolls of magic mapping {unknown}
 I - a scroll of summoning {unknown}
 O - a scroll of amnesia {unknown}
 R - a scroll of torment {unknown}
 V - a scroll of silence {unknown}
Potions
 b - a potion of mutation {unknown}
 d - 2 potions of might
 e - 2 potions of lignification {!q}
 h - a potion of cancellation {unknown}
 i - 3 potions of attraction {unknown}
 j - a potion of heal wounds
 l - 7 potions of curing {unknown}
 m - a potion of flight {unknown}
 p - a potion of magic {unknown}
 u - 4 potions of brilliance {unknown}
 x - 2 potions of haste {unknown}
 A - a potion of degeneration {unknown}
 F - a potion of invisibility {unknown}
 M - a potion of ambrosia {unknown}
 X - a potion of resistance {unknown}


   Skills:
 + Level 6.4 Fighting
 + Level 14.4 Axes
 - Level 1.0 Staves
 + Level 6.0 Armour
 + Level 3.5 Dodging
 + Level 4.3 Shields
 + Level 15.6 Invocations


You had 10 spell levels left.
You didn't know any spells.
Your spell library contained the following spells:

 Spells                   Type           Power      Damage    Failure   Level
 Magic Dart               Conj           0%         1d3       71%         1
 Ensorcelled Hibernation  Hex/Ice        0%         N/A       83%         2
 Passwall                 Tmut/Erth      0%         N/A       83%         2
 Searing Ray              Conj           0%         2d4       83%         2
 Sublimation of Blood     Necr           0%         N/A       83%         2
 Ignite Poison            Fire/Tmut/Pois 0%         N/A       97%         3
 Kindle Blastsparks       Fire/Tloc/Air  0%         2d10      97%         3
 Swiftness                Air            0%         N/A       97%         3
 Animate Dead             Necr           0%         N/A       100%        4
 Fulminant Prism          Conj/Hex       0%         3d5       100%        4
 Petrify                  Tmut/Erth      0%         N/A       100%        4
 Freezing Cloud           Conj/Ice/Air   0%         6-21      100%        5
 Irradiate                Conj/Tmut      0%         3d11      100%        5
 Haunt                    Necr/Summ      0%         N/A       100%        7
 Infestation              Necr           0%         N/A       100%        8


Dungeon Overview and Level Annotations

Branches:
Dungeon (10/15)            Temple (0/1) D:4            Lair (0/5) D:9
    Orc: D:9-12

Altars:
Ashenzari
Dithmenos
Elyvilon
Fedhas
Hepliaklqana
Makhleb
Okawaru
Qazlal
Ru
Trog
Uskayaw
Vehumet
Zin
The Shining One

Shops:
D:2 :   D:3 (   D:4 :   D:10 (

Annotations:
D:8 1 runed translucent door, Dirtsage's ghost, novice DsBe


Message History

The death knight reflects your damage back at you!
You block the death knight's attack.
Uskayaw will force your foes to helplessly watch your dance.
Uskayaw prepares the audience for your solo!
The helpless death knight fails to defend itself.
You slice the death knight!!
You kill the death knight!
The helpless wolf spider fails to defend itself.
You slash the wolf spider!
Your damage is reflected back at you!
The wolf spider is no longer paralysed.
You block the wolf spider's attack. x3
The wolf spider bites you but does no damage.
Your Armour skill increases to level 6!
You closely miss the wolf spider.
The wolf spider is moderately wounded.
The wolf spider hits you! The wolf spider bites you.
The wolf spider hits you but does no damage.
The wolf spider bites you but does no damage.
You hit the wolf spider.
The wolf spider is moderately wounded.
The wolf spider hits you! You block the wolf spider's attack.
Uskayaw will force your foes to share their pain.
Unknown command.
You closely miss the wolf spider.
The wolf spider is moderately wounded.
The wolf spider hits you!
* * * LOW HITPOINT WARNING * * *
The wolf spider bites you but does no damage.
The wolf spider hits you!
* * * LOW HITPOINT WARNING * * *
The wolf spider bites you but does no damage.
You stomp with the beat, sending a shockwave through the revellers around you!
The wolf spider is heavily wounded.
The wolf spider hits you but does no damage.
You block the wolf spider's attack.
Unknown command.
Unknown command.
You stomp with the beat, sending a shockwave through the revellers around you!
The wolf spider is almost dead.
The wolf spider hits you!
You die...

# #.##### #.# # .#.....# #.#
###### .#####.# #.# )....#
.####.#.###.. (....#
##..#....#.##... .)...#
##.#..#.##........ ..####
##..'. #.####.##.#. ..## #.s)#
#......##.#. ...#
########♣########......#. .#.#
###.........##.............
.#.##
#.[.......###.>........####
.#..###.#....####...##.......##
.##.[...######....###..♣♣.♣♣..#
#######).......##..##...♣.♣...#
#...........######....♣.....♣.#
#...........# ###..♣♣...♣♣.#
#........[..# ##...._....#


You could see a wolf spider.

Vanquished Creatures
  An ogre mage (D:10)
  A death knight (D:10)
  A tengu warrior (D:9)
  2 two-headed ogres
  A cyclops (D:10)
  Joseph (D:7)
  An elephant (D:9)
  Maggie (D:8)
  A kobold demonologist (D:9)
  3 trolls
  A meliai (D:10)
  Prince Ribbit (D:5)
  2 dream sheep (D:8)
  Sigmund (D:2)
  A wraith (D:9)
  A wyvern (D:8)
  5 yaks (D:9)
  3 shadows
  A basilisk (D:9)
  3 steam dragons
  A water moccasin (D:9)
  A sky beast (D:7)
  3 black bears
  5 orc warriors
  An ice beast (D:6)
  An ogre (D:6)
  4 phantoms
  3 kobold brigands
  Blork the orc (D:5)
  5 bullfrogs
  3 gnoll sergeants
  2 scorpions
  5 killer bees
  5 electric eels
  3 howler monkeys
  2 hounds
  2 jellies
  A gnoll bouda (D:4)
  2 orc priests (D:9)
  A sleepcap (D:5)
  Crazy Yiuf (D:2)
  4 iguanas
  Ijyb (D:5)
  8 orc wizards
  13 gnolls
  7 adders
  2 shadow imps (D:6)
  2 white imps (D:6)
  2 worms
  3 dart slugs
  22 orcs
  12 ball pythons
  6 endoplasms
  4 giant cockroaches
  5 goblins
  11 hobgoblins
  22 kobolds
  A quokka (D:1)
  4 bats
  2 frilled lizards
  3 rats
218 creatures vanquished.

Vanquished Creatures (others)
  A butterfly (D:4)
  11 plants
12 creatures vanquished.

Grand Total: 230 creatures vanquished

Notes
Turn   | Place    | Note
-------+----------+-------------------------------------------
     0 | D:1      | mopl the Hill Orc Fighter began the quest for the Orb.
     0 | D:1      | Reached XP level 1. HP: 19/19 MP: 1/1
     6 | D:1      | Found a faded altar of an unknown god.
    14 | D:1      | Prayed at the altar of an unknown god.
    14 | D:1      | Became a worshipper of Uskayaw the Reveller
    14 | D:1      | Reached * piety under Uskayaw
   121 | D:1      | Reached ** piety under Uskayaw
   122 | D:1      | Reached skill level 3 in Axes
   122 | D:1      | Reached skill level 1 in Invocations
   142 | D:1      | Reached XP level 2. HP: 18/26 MP: 1/3
   469 | D:1      | Reached skill level 2 in Invocations
   700 | D:2      | Reached XP level 3. HP: 31/31 MP: 4/4
   746 | D:2      | Identified the +0 helmet of Zexti {-Tele Will+ rCorr Dex+8}
  1183 | D:2      | Reached skill level 4 in Axes
  1295 | D:2      | Found Ojaroblo's Book Emporium.
  1322 | D:2      | Noticed Sigmund
  1333 | D:2      | Killed Sigmund
  1333 | D:2      | Reached *** piety under Uskayaw
  1334 | D:2      | Reached skill level 5 in Axes
  1334 | D:2      | Reached skill level 4 in Invocations
  1334 | D:2      | Reached XP level 4. HP: 31/39 MP: 5/7
  1334 | D:2      | Reached XP level 5. HP: 36/45 MP: 5/8
  1407 | D:2      | Found a runed translucent door.
  1408 | D:2      | Noticed Crazy Yiuf
  1415 | D:2      | HP: 2/45 [Crazy Yiuf/+3 quarterstaff of chaos (4)]
  1417 | D:2      | Killed Crazy Yiuf
  1418 | D:2      | Reached skill level 6 in Axes
  1418 | D:2      | Reached skill level 5 in Invocations
  1418 | D:2      | Reached XP level 6. HP: 16/51 MP: 4/9
  1747 | D:3      | Found Vesm's Weapon Shoppe.
  2292 | D:4      | Reached **** piety under Uskayaw
  2316 | D:4      | Found Irote's Book Boutique.
  2337 | D:4      | Reached skill level 1 in Staves
  2348 | D:4      | Reached skill level 6 in Invocations
  2604 | D:4      | Found a staircase to the Ecumenical Temple.
  2647 | D:4      | Reached XP level 7. HP: 54/57 MP: 11/11
  2698 | D:4      | Found a white marble altar of Elyvilon.
  2801 | D:4      | Reached skill level 7 in Axes
  2838 | D:4      | Found a blossoming altar of Fedhas.
  2869 | D:4      | Found a radiant altar of Vehumet.
  2962 | D:5      | Entered Level 5 of the Dungeon
  2997 | D:5      | Reached skill level 7 in Invocations
  3065 | D:5      | Noticed Blork the orc
  3074 | D:5      | Killed Blork the orc
  3075 | D:5      | Reached skill level 8 in Axes
  3099 | D:5      | Reached ***** piety under Uskayaw
  3104 | D:5      | Reached skill level 8 in Invocations
  3104 | D:5      | Reached XP level 8. HP: 31/64 MP: 12/14
  3122 | D:5      | Found an iron altar of Okawaru.
  3208 | D:5      | Noticed Prince Ribbit
  3229 | D:5      | Killed Prince Ribbit
  3230 | D:5      | Reached skill level 9 in Axes
  3398 | D:5      | Found a burning altar of Makhleb.
  3435 | D:5      | Noticed Ijyb
  3449 | D:5      | Killed Ijyb
  3560 | D:5      | Reached skill level 9 in Invocations
  3915 | D:6      | Reached skill level 10 in Axes
  3972 | D:6      | Reached skill level 10 in Invocations
  4070 | D:6      | Reached XP level 9. HP: 69/70 MP: 14/16
  4136 | D:6      | Reached skill level 11 in Axes
  4423 | D:7      | Reached skill level 11 in Invocations
  4513 | D:7      | Noticed a troll
  4525 | D:7      | Killed a troll
  4671 | D:7      | Reached skill level 12 in Axes
  4760 | D:7      | Noticed Joseph
  4772 | D:7      | Killed Joseph
  4773 | D:7      | Reached skill level 12 in Invocations
  4878 | D:7      | Found a glowing silver altar of Zin.
  5019 | D:7      | Found a broken altar of Ashenzari.
  5137 | D:8      | Reached XP level 10. HP: 72/77 MP: 16/19
  5142 | D:8      | Reached skill level 13 in Invocations
  5164 | D:8      | Found the +5 robe of Night {Dark Will+ SInv}
  5761 | D:8      | Noticed Maggie
  5775 | D:8      | Killed Maggie
  5791 | D:8      | Found a stormy altar of Qazlal.
  5844 | D:8      | Reached skill level 13 in Axes
  5844 | D:8      | Reached skill level 14 in Invocations
  5873 | D:8      | Found a runed translucent door.
  5876 | D:8      | Noticed Dirtsage's ghost (novice DsBe)
  5877 | D:8      | Identified the +1 trident "Dovenif" {freeze, Contam rF++
                  | Str+4}
  6056 | D:8      | Found a bloodstained altar of Trog.
  6395 | D:9      | Found a shadowy altar of Dithmenos.
  6422 | D:9      | Found a glowing golden altar of the Shining One.
  6477 | D:9      | Noticed a two-headed ogre
  6488 | D:9      | Killed a two-headed ogre
  6489 | D:9      | Reached skill level 4 in Fighting
  6489 | D:9      | Reached skill level 1 in Dodging
  6527 | D:9      | Identified the +7 falchion of Uvodipewao {flame, Str+3
                  | Int+2}
  6530 | D:9      | Reached skill level 4 in Armour
  6538 | D:9      | Reached ****** piety under Uskayaw
  6539 | D:9      | Reached XP level 11. HP: 25/85 MP: 9/22
  6751 | D:9      | Found a staircase to the Lair.
  6758 | D:9      | Identified the +4 kite shield of Divine Intervention {rF+
                  | Int+3}
  6768 | D:9      | Reached skill level 2 in Dodging
  6768 | D:9      | Reached skill level 15 in Invocations
  6771 | D:9      | Reached skill level 5 in Fighting
  6838 | D:9      | Noticed a tengu warrior
  6861 | D:9      | Killed a tengu warrior
  6862 | D:9      | Reached skill level 14 in Axes
  6862 | D:9      | Reached skill level 5 in Armour
  7310 | D:10     | Entered Level 10 of the Dungeon
  7496 | D:10     | Found a sacrificial altar of Ru.
  7529 | D:10     | Found Umaupp's Weapon Boutique.
  7774 | D:10     | Found a hazy altar of Hepliaklqana.
  8037 | D:10     | Noticed a cyclops
  8046 | D:10     | Killed a cyclops
  8047 | D:10     | Reached skill level 3 in Dodging
  8067 | D:10     | Noticed an ogre mage
  8069 | D:10     | Noticed a two-headed ogre
  8086 | D:10     | Killed an ogre mage
  8087 | D:10     | Reached skill level 6 in Fighting
  8242 | D:10     | Killed a two-headed ogre
  8243 | D:10     | Reached skill level 4 in Shields
  8403 | D:10     | Noticed a death knight
  8410 | D:10     | Noticed a wolf spider
  8416 | D:10     | Killed a death knight
  8417 | D:10     | Reached skill level 6 in Armour
  8421 | D:10     | Slain by a wolf spider

Illustrated notes

Levels and vault maps discovered:
D:1:      roderic_crossed_star, layout_loops_ring, basic_ecumenical_altar,
          minmay_misc_feat_x
D:2:      layout_loops_corners, serial_shops, shop, kennysheep_another_room,
          uniq_sigmund, uniq_crazy_yiuf_cottage
D:3:      layout_rooms, serial_shops, nicolae_shop_advertising_works
          [nicolae_subvault_shop_adworks]
D:4:      layout_rooms, mainiacjoe_overflow_alcove_2,
          nicolae_elyvilon_peaceful_grove, mainiacjoe_overflow_brackets,
          minmay_temple_entry_antechambers, serial_shops,
          nicolae_shop_waterfront
D:5:      layout_rooms, kennysheep_little_box,
          mainiacjoe_overflow_surrounded_room, uniq_blork_the_orc, uniq_ijyb,
          uniq_prince_ribbit1
D:6:      layout_loops_ring, chequers_serial_rivers_small_b,
          minmay_fractal_squares_5
D:7:      layout_basic, ashenzari_conservatory_becter,
          mainiacjoe_overflow_paths, minivault_23, kennysheep_big_empty_room,
          uniq_joseph
D:8:      layout_loops_ring, nicolae_qazlal_general_emergency,
          amcnicky_altar_gilded, ebering_ghost_funeral_grove,
          serial_bayou_ford_a, kennysheep_path_1, hellmonk_guarded_unrand_night,
          uniq_maggie
D:9:      layout_rooms, nicolae_overflow_crystal_walls,
          nicolae_dithmenos_shadow_blocks, david_lair_generic, hex_intersection,
          kennysheep_island_fort
D:10:     minmay_sliced_demisemicircle, layout_basic,
          mainiacjoe_overflow_small_starburst, nicolae_ru_path_of_blood,
          serial_shops, shop

Skill      XL: |  1  2  3  4  5  6  7  8  9 10 11 |
---------------+----------------------------------+-----
Axes           | 3 5 6 8 10 12 13 14 | 14.4
Invocations    | 1 2 4 5 6 8 10 12 14 15 | 15.6
Staves         | 1 |  1.0
Fighting       | 4 6 |  6.4
Dodging        | 1 3 |  3.5
Armour         | 4 6 |  6.0
Shields        | 4 |  4.3

Action                     |  1- 3 |  4- 6 |  7- 9 | 10-12 || total
---------------------------+-------+-------+-------+-------++-------
  Melee: War axe           |    81 |    41 |       |       ||   122
         Broad axe         |       |    38 |   216 |   245 ||   499
  Throw: Dart              |       |       |     4 |     8 ||    12
 Invoke: Stomp             |       |     3 |     4 |     4 ||    11
         Line Pass         |       |       |     3 |       ||     3
         Grand Finale      |       |       |       |     1 ||     1
  Evoke: Wand              |       |       |     5 |     3 ||     8
    Use: Potion            |       |     1 |       |     2 ||     3
         Scroll            |       |       |       |     1 ||     1
   Stab: Paralysed         |       |     4 |    12 |    36 ||    52
         Confused          |       |       |     1 |       ||     1
         Invisible         |       |       |       |     2 ||     2
 Armour: Scale mail        |    45 |     1 |       |       ||    46
         Ring mail         |       |    44 |    82 |     4 ||   130
         Swamp dragon scal |       |       |       |    73 ||    73
         Skin              |       |       |       |     6 ||     6
  Dodge: Dodged            |    34 |    49 |   113 |    80 ||   276
  Block: Buckler           |    20 |    26 |    61 |    24 ||   131
         Kite shield       |       |       |       |    76 ||    76
         Reflection        |       |       |       |     1 ||     1

Table legend: (Time is in decaauts)
 A = Elapsed time spent in this place.
 B = Non-inter-level travel time spent in this place.
 C = Inter-level travel time spent in this place.
 D = Time resting spent in this place.
 E = Time spent auto-exploring this place.
 F = Levels seen in this place.
 G = Mean time per level.
                   A        B        C        D        E       F      G
               +--------+--------+--------+--------+--------+-----+--------+
         Total |   8511 |   7926 |    585 |   1269 |   5096 |  10 |  851.1 |
       Dungeon |   8511 |   7926 |    585 |   1269 |   5096 |  10 |  851.1 |
               +--------+--------+--------+--------+--------+-----+--------+

Top non-repeatable levels by time:
     D:8: 1181 daAuts
     D:2: 1147 daAuts
     D:9: 1100 daAuts
    D:10: 1022 daAuts
     D:5: 752 daAuts
     D:6: 726 daAuts
     D:7: 708 daAuts
     D:1: 688 daAuts
     D:3: 620 daAuts
     D:4: 563 daAuts
